 Dungeon Crawl Stone Soup version 0.30-a0-830-gfe289a77b0 (webtiles) character file.

Game seed: 10121506369428186712

14112 Iich the Severer (level 12, 0/92 (113) HPs)
             Began as a Hill Orc Fighter on Feb 28, 2023.
             Was an Initiate of Gozag.
             Slain by a ghost moth (shapeshifter) (4 damage)
             ... on level 10 of the Dungeon.
             The game lasted 00:17:32 (11986 turns).

Iich the Severer (Hill Orc Fighter)                Turns: 11986, Time: 00:17:32

HP:   0/92 (113)    AC: 20    Str: 18 (20) XL:     12   Next: 13%
MP:   0/12          EV:  9    Int:  6 (8)  God:    Gozag
Gold: 394           SH:  6    Dex: 11 (14) Spells: 11/11 levels left

rFire   . . .      SeeInvis +    G - +1 broad axe
rCold   . . .      Faith    .    c - +0 buckler
rNeg    . . .      Spirit   .    n - +6 scale mail "Gobrerch" {+Inv SInv}
rPois   .          Reflect  .    g - +2 helmet
rElec   .          Harm     .    o - +1 cloak
rCorr   +          Rampage  .    E - +0 pair of gloves
Will    .....                    K - +0 pair of boots Stlth
                                 (no amulet)
HPRegen 0.35/turn                w - ring of resist corrosion
MPRegen 0.13/turn                (no ring)

@: heavily drained, invisible
A: no striking features
a: Renounce Religion, Evoke Invisibility, Potion Petition, Call Merchant, Bribe
Branch


You were on level 10 of the Dungeon.
You worshipped Gozag.
Gozag was aware of your devotion.
You visited 2 branches of the dungeon, and saw 11 of its levels.

You collected 1989 gold pieces.
You paid 1595 gold pieces to Gozag.

Inventory:

Hand Weapons
 G - a +1 broad axe (weapon)
Missiles
 p - 2 throwing nets (quivered)
Armour
 c - a +0 buckler (worn)
 g - a +2 helmet (worn)
 n - the +6 scale mail "Gobrerch" (worn) {+Inv SInv}
   (You found it on level 6 of the Dungeon)

   SInv:      It lets you see invisible.
   +Inv:      It lets you turn invisible.
 o - a +1 cloak (worn)
 r - a +0 tower shield
 E - a +0 pair of gloves (worn)
 K - a +0 pair of boots (worn)
 L - a +0 plate armour
Jewellery
 q - a ring of fire
 w - a ring of resist corrosion (left hand)
Wands
 s - a wand of mindburst (14)
 x - a wand of flame (11)
 B - a wand of acid (11)
 D - a wand of charming (7)
 I - a wand of iceblast (5)
Scrolls
 b - 2 scrolls of silence
 f - a scroll of immolation
 i - a scroll of torment
 k - a scroll of vulnerability
 l - 2 scrolls of magic mapping
 y - a scroll of noise
 A - a scroll of fog
 F - a scroll of fear
 H - a scroll of poison
Potions
 d - 5 potions of might
 h - 2 potions of attraction
 j - 2 potions of lignification


   Skills:
 + Level 12.6 Fighting
 * Level 18.3 Axes
 - Level 3.2 Armour
 + Level 9.5 Shields


You had 11 spell levels left.
You didn't know any spells.
Your spell library contained the following spells:

 Spells                   Type           Power      Damage    Failure   Level
 Ensorcelled Hibernation  Hex/Ice        0%         N/A       96%         2
 Passwall                 Tmut/Erth      0%         N/A       96%         2
 Scorch                   Fire           0%         2d5       96%         2
 Call Canine Familiar     Summ           0%         N/A       99%         3
 Frozen Ramparts          Ice            0%         1d1       99%         3
 Portal Projectile        Hex/Tloc       0%         N/A       99%         3
 Swiftness                Air            0%         N/A       99%         3
 Flame Wave               Conj/Fire      0%         2d4       100%        4
 Ice Form                 Ice/Tmut       0%         N/A       100%        4
 Leda's Liquefaction      Hex/Erth       0%         N/A       100%        4
 Passage of Golubria      Tloc           0%         N/A       100%        4
 Summon Ice Beast         Ice/Summ       0%         N/A       100%        4
 Silence                  Hex/Air        0%         N/A       100%        5
 Summon Cactus Giant      Summ           0%         N/A       100%        6
 Haunt                    Necr/Summ      0%         N/A       100%        7
 Infestation              Necr           0%         N/A       100%        8
 Lehudib's Crystal Spear  Conj/Erth      0%         10d2      100%        8
 Animate Dead             Necr           Unusable   N/A       N/A         4

Dungeon Overview and Level Annotations

Branches:
Dungeon (10/15)            Temple (1/1) D:5            Lair (0/5) D:9
    Orc (0/2) D:9

Altars:
Ashenzari
Cheibriados
Dithmenos
Fedhas
Gozag
Hepliaklqana
Kikubaaqudgha
Makhleb
Nemelex Xobeh
Okawaru
Qazlal
Ru
Sif Muna
Trog
Uskayaw
Vehumet
Wu Jian
Xom
Yredelemnul
Zin
The Shining One

Shops:
D:3 :   D:8 =

Annotations:
D:10 3 runed translucent doors, bmack86's ghost, journeyman MiFi


Message History

The ghost moth stings you.
* * * LOW HITPOINT WARNING * * *
The ghost moth stares at you. x2
The ghost moth barely misses you.
The ghost moth hits you but does no damage.
The ghost moth stings you but does no damage.
Aiming: Corrosive Bolt
Press: ? - help, Q - select action, (/) - cycle Shift-Dir - straight line, f/p - ghost moth
Aim: a ghost moth (slightly transparent, 71% to hit)
The bolt of acid misses the ghost moth.
The ghost moth hits you but does no damage.
The ghost moth hits you!
* * * LOW HITPOINT WARNING * * *
The ghost moth barely misses you.
Okay, then.
You feel drained.
You fail to use your ability.
The ghost moth stares at you. The ghost moth barely misses you.
The ghost moth hits you but does no damage.
The ghost moth stings you but does no damage.
You feel drained.
You fail to use your ability.
The ghost moth stares at you.
You feel your power leaking away. The ghost moth barely misses you. x2
The ghost moth stings you but does no damage.
You fade into invisibility!
You block the ghost moth's attack. The ghost moth hits you!
* * * LOW HITPOINT WARNING * * *
You feel clumsy.
The ghost moth stings you but does no damage.
The ghost moth hits you but does no damage.
You block the ghost moth's attack.
The ghost moth stings you but does no damage.
There is an open door here.
You feel better. The ghost moth hits you.
* * * LOW HITPOINT WARNING * * *
The ghost moth hits you but does no damage.
The ghost moth stings you.
You die...
Your body crumbles into a pile of gold.

$ ##.#..#
.#..#..#
#.#..# ..
......#
#.#..# ...
.....#
#.#...
....#....#
#.#...
#'#.#....#
#.##..
.........#
#.#.<.
#:....#
#.#...
###...@.#
#.+...
###.##..y.#
###...
#...##.#'##
#...
##...#..#.#
#...
##....##$$.#
#...
#._......$.#
###### ####
##....##.$.#
#....#
##...##...#
#....#
##......##
#..).#


You could see a ghost moth (invisible, unable to see you).

Vanquished Creatures
  Josephine (D:10)
  2 centaur warriors
  2 two-headed ogres
  A tengu warrior (D:10)
  An ugly thing (D:10)
  2 unseen horrors (D:10)
  A gargoyle (D:9)
  A komodo dragon (D:9)
  A hornet (D:10)
  3 trolls
  3 wraiths (D:10)
  A shadow (D:10)
  2 wyverns (D:9)
  15 yaks
  7 steam dragons
  2 water moccasins (D:7)
  2 acid dragons
  An ice beast (D:6)
  5 orc warriors
  A black bear (D:7)
  An ogre (D:4)
  4 centaurs
  A kobold brigand (D:7)
  2 necrophages (D:7)
  2 gnoll sergeants
  7 scorpions
  4 wights
  15 killer bees
  2 electric eels (D:10)
  7 howler monkeys
  3 hounds
  4 orc priests
  9 iguanas
  A gnoll bouda (D:8)
  Ijyb (D:3)
  6 orc wizards
  2 gnolls (D:9)
  13 adders
  2 shadow imps
  An ufetubus (D:7)
  A worm (D:3)
  2 dart slugs
  24 orcs
  3 ball pythons
  3 bats
  8 endoplasms
  3 giant cockroaches
  9 hobgoblins
  8 jackals (D:5)
  4 quokkas
  3 frilled lizards
  10 goblins
  A kobold (D:1)
  8 rats
228 creatures vanquished.

Vanquished Creatures (collateral kills)
  A gnoll (D:9)
1 creature vanquished.

Vanquished Creatures (others)
  An acid dragon (D:9)
  A black bear (D:7)
  29 plants
31 creatures vanquished.

Grand Total: 260 creatures vanquished

Notes
Turn   | Place    | Note
-------+----------+-------------------------------------------
     0 | D:1      | Iich the Hill Orc Fighter began the quest for the Orb.
     0 | D:1      | Reached XP level 1. HP: 19/19 MP: 1/1
    86 | D:1      | Reached skill level 3 in Axes
   208 | D:1      | Reached XP level 2. HP: 27/27 MP: 2/2
   469 | D:1      | Reached skill level 4 in Axes
   478 | D:1      | Reached XP level 3. HP: 33/33 MP: 3/3
  1309 | D:2      | Found a faded altar of an unknown god.
  1547 | D:3      | Found Egguete's Book Shop.
  1678 | D:3      | Reached XP level 4. HP: 41/41 MP: 4/4
  1887 | D:3      | Reached skill level 5 in Axes
  2421 | D:3      | Noticed Ijyb
  2441 | D:3      | Killed Ijyb
  2915 | D:4      | Reached XP level 5. HP: 33/47 MP: 5/5
  2933 | D:4      | Reached skill level 5 in Fighting
  2933 | D:4      | Reached skill level 6 in Axes
  3046 | D:4      | Reached XP level 6. HP: 43/56 MP: 6/6
  3264 | D:4      | Reached skill level 7 in Axes
  3534 | D:5      | Entered Level 5 of the Dungeon
  3551 | D:5      | Reached skill level 8 in Axes
  3551 | D:5      | Reached XP level 7. HP: 53/63 MP: 7/7
  3650 | D:5      | Reached skill level 9 in Axes
  4006 | D:5      | Identified the +0 leather armour of Follow the Leader
                  | {-Tele rPois Slay+2}
  4115 | D:5      | Found a shimmering altar of Xom.
  4204 | D:5      | Found a staircase to the Ecumenical Temple.
  4221 | Temple   | Entered the Ecumenical Temple
  4322 | Temple   | Became a worshipper of Gozag Ym Sagoz the Greedy
  4350 | D:5      | Found an ornate altar of the Wu Jian Council.
  4658 | D:6      | Found an iron altar of Okawaru.
  4773 | D:6      | Identified the +3 leather armour of Teasutish {rN+ Str+2
                  | Int-4 Dex+2}
  4908 | D:6      | Reached XP level 8. HP: 73/73 MP: 8/8
  4971 | D:6      | Reached skill level 10 in Axes
  5105 | D:6      | Identified the +6 scale mail "Gobrerch" {+Inv SInv}
  5548 | D:6      | Reached skill level 11 in Axes
  6195 | D:7      | Reached skill level 12 in Axes
  6195 | D:7      | Reached XP level 9. HP: 53/82 MP: 9/9
  6813 | D:7      | Reached skill level 13 in Axes
  7045 | D:7      | Reached skill level 5 in Shields
  7301 | D:8      | Reached XP level 10. HP: 89/92 MP: 10/10
  7305 | D:8      | Reached skill level 14 in Axes
  7516 | D:8      | Found a hazy altar of Hepliaklqana.
  7606 | D:8      | Reached skill level 10 in Fighting
  7753 | D:8      | Found a burning altar of Makhleb.
  7901 | D:8      | Found Itruskigae's Jewellery Shop.
  8442 | D:9      | Found a hide-covered altar of Uskayaw.
  8445 | D:9      | Found a stormy altar of Qazlal.
  8445 | D:9      | Found a radiant altar of Vehumet.
  8446 | D:9      | Found a blossoming altar of Fedhas.
  8470 | D:9      | Noticed a two-headed ogre
  8479 | D:9      | Killed a two-headed ogre
  8553 | D:9      | Found a staircase to the Lair.
  8582 | D:9      | Reached skill level 15 in Axes
  8899 | D:9      | Noticed a gargoyle
  8916 | D:9      | Noticed a centaur warrior
  8937 | D:9      | Killed a gargoyle
  9387 | D:9      | Killed a centaur warrior
  9388 | D:9      | Reached skill level 16 in Axes
  9388 | D:9      | Reached XP level 11. HP: 61/102 MP: 11/11
  9786 | D:9      | Found a staircase to the Orcish Mines.
  9971 | D:10     | Entered Level 10 of the Dungeon
 10043 | D:10     | Identified the +4 leather armour of the Moon {Dex+3 SInv}
 10426 | D:10     | Found a runed translucent gate.
 10426 | D:10     | Found a runed translucent gate.
 10426 | D:10     | Found a runed translucent gate.
 10426 | D:10     | Found an opulent altar of Gozag.
 10445 | D:10     | Noticed Josephine
 10450 | D:10     | Noticed a centaur warrior
 10463 | D:10     | Killed Josephine
 10464 | D:10     | Reached skill level 17 in Axes
 10982 | D:10     | Noticed a tengu warrior
 10982 | D:10     | Noticed a brown ugly thing
 11012 | D:10     | Killed a brown ugly thing
 11019 | D:10     | Killed a tengu warrior
 11512 | D:10     | Noticed a two-headed ogre
 11520 | D:10     | Killed a two-headed ogre
 11679 | D:10     | Noticed bmack86's ghost (journeyman MiFi)
 11921 | D:10     | Found a sacrificial altar of Ru.
 11940 | D:10     | Reached skill level 18 in Axes
 11940 | D:10     | Reached XP level 12. HP: 102/113 MP: 12/12
 11945 | D:10     | Noticed a ghost moth
 11952 | D:10     | Killed a centaur warrior
 11981 | D:10     | HP: 1/92 [ghost moth (shapeshifter) (8)]
 11986 | D:10     | HP: 4/92 [ghost moth (shapeshifter) (6)]
 11986 | D:10     | Slain by a ghost moth (shapeshifter)

Illustrated notes

Levels and vault maps discovered:
D:1:      amcnicky_arrival_choice, layout_loops_ring
D:2:      layout_loops_cross, chequers_ecumenical_altar_grove,
          corexii_hall_statues_l
D:3:      layout_basic, serial_shops, nicolae_shop_hallway_stairs,
          minmay_misc_feat_tiny, minmay_goblin_outpost, uniq_ijyb
D:4:      layout_cave_pools
D:5:      layout_rooms, amcnicky_altar_gilded, mainiacjoe_overflow_catwalk,
          minmay_temple_entry_drinking_statues, serial_bayou_lake_a
D:6:      layout_basic, kennysheep_okawaru_gauntlet, serial_curves,
          eino_curves_04, eino_curves_02, minmay_crystal_room,
          nicolae_half_adder
D:7:      minmay_razor_zed, layout_rooms
D:8:      layout_basic, mainiacjoe_overflow_surrounded_room,
          mainiacjoe_overflow_alcove_2, serial_shops, nicolae_shop_behind_doors,
          hangedman_decor_riveting, grunt_ministairs_15,
          minmay_increasing_density
D:9:      kennysheep_blocky_room, layout_cross, grunt_temple_overflow_open,
          david_lair_shrubbed, orc_0_dummy, corexii_corridor_pit
D:10:     kennysheep_big_flooded_room, layout_basic,
          nicolae_elyvilon_temple_path, ebering_ghost_gozag,
          minmay_ruined_shrine, uniq_josephine
Temple:   nicolae_temple_bog_church

Skill      XL: |  1  2  3  4  5  6  7  8  9 10 11 |
---------------+----------------------------------+-----
Axes           | 3 4 5 6 8 9 12 13 16 18 | 18.3
Fighting       | 4 5 6 7 8 9 11 12 | 12.6
Shields        | 5 7 9 |  9.5
Armour         | |  3.2

Action                     |  1- 3 |  4- 6 |  7- 9 | 10-12 || total
---------------------------+-------+-------+-------+-------++-------
  Melee: War axe           |   109 |   132 |   346 |    38 ||   625
         Broad axe         |       |       |       |   262 ||   262
 Invoke: Potion Petition   |       |       |     1 |     2 ||     3
  Evoke: Wand              |       |       |     6 |    23 ||    29
    Use: Scroll            |     3 |     1 |    10 |     8 ||    22
         Potion            |     1 |     1 |     3 |     9 ||    14
   Stab: Distracted        |       |       |       |     1 ||     1
 Armour: Scale mail        |    35 |    67 |   205 |   221 ||   528
         Skin              |     2 |     3 |       |       ||     5
  Dodge: Dodged            |    54 |    55 |   172 |   149 ||   430
  Block: Buckler           |    25 |    34 |    77 |   111 ||   247

Table legend: (Time is in decaauts)
 A = Elapsed time spent in this place.
 B = Non-inter-level travel time spent in this place.
 C = Inter-level travel time spent in this place.
 D = Time resting spent in this place.
 E = Time spent auto-exploring this place.
 F = Levels seen in this place.
 G = Mean time per level.
                   A        B        C        D        E       F      G
               +--------+--------+--------+--------+--------+-----+--------+
         Total |  12078 |  11729 |    349 |   1534 |   8212 |  11 | 1098.0 |
       Dungeon |  11942 |  11593 |    349 |   1534 |   8126 |  10 | 1194.2 |
        Temple |    136 |    136 |      0 |      0 |     85 |   1 |  136.0 |
               +--------+--------+--------+--------+--------+-----+--------+

Top non-repeatable levels by time:
    D:10: 1579 daAuts
     D:8: 1578 daAuts
     D:9: 1577 daAuts
     D:6: 1427 daAuts
     D:3: 1426 daAuts
     D:7: 1193 daAuts
     D:4: 925 daAuts
     D:2: 792 daAuts
     D:1: 731 daAuts
     D:5: 709 daAuts
  Temple: 136 daAuts
